 Dungeon Crawl Stone Soup version 0.31.0-32-g396128a36d (webtiles) character file.

Game seed: 16074976502456558705

136 SilverX5502 the Trooper (level 4, 0/41 HPs)
             Began as a Minotaur Fighter on Apr 4, 2024.
             Slain by a gnoll
             ... wielding a +0 halberd
              (9 damage)
             ... on level 2 of the Dungeon.
             The game lasted 00:08:05 (1286 turns).

SilverX5502 the Trooper (Minotaur Fighter)          Turns: 1286, Time: 00:08:05

Health: 0/41       AC:  8    Str: 22    XL:     4   Next: 98%
Magic:  3/3        EV:  9    Int:  5    God:
Gold:   86         SH:  4    Dex: 10    Spells: 3/3 levels left

rFire   . . .        a - +0 war axe
rCold   . . .        c - +0 buckler
rNeg    . . .        b - +0 scale mail
rPois   .            (helmet restricted)
rElec   .            l - +0 cloak
rCorr   .            (no gloves)
SInv    +            (no boots)
Will    .....        (no amulet) Stlth
                     q - ring of see invisible
HPRegen 0.26/turn    s - ring of flight
MPRegen 0.08/turn

%: no passive effects
@: mighty, flying
A: horns 2, retaliatory headbutt
a: no special abilities


You were on level 2 of the Dungeon.
You visited 1 branch of the dungeon, and saw 2 of its levels.

You collected 86 gold pieces.

Inventory:

Hand Weapons
 a - a +0 war axe (weapon)
Missiles
 e - 16 stones (quivered)
 k - 5 boomerangs
Armour
 b - a +0 scale mail (worn)
 c - a +0 buckler (worn)
 l - a +0 cloak (worn)
Jewellery
 q - a ring of see invisible (left hand)
 s - a ring of flight (right hand)
Scrolls
 g - a scroll of torment {unknown}
 m - 2 scrolls of identify {unknown}
 p - a scroll of noise {unknown}
 r - 2 scrolls of fear {unknown}
Potions
 f - a potion of brilliance {unknown}
 h - a potion of enlightenment {unknown}
 i - 3 potions of heal wounds {unknown}
 j - a potion of curing {unknown}
 n - a potion of berserk rage {unknown}
 o - a potion of attraction {unknown}
 t - a potion of degeneration {unknown}


   Skills:
 + Level 4.5 Fighting
 * Level 4.3 Axes
 + Level 4.4 Armour
 + Level 4.4 Shields


You had 3 spell levels left.
You didn't know any spells.
Your spell library was empty.

Dungeon Overview and Level Annotations

Branches:
Dungeon (2/15)

Altars:


Innate Abilities, Weirdness & Mutations

You have a pair of horns on your head.
You reflexively headbutt those who attack you in melee.


Message History

The ball python bites you but does no damage.
The ball python grabs you. The ball python constricts you.
You hit the ball python but do no damage.
You headbutt the ball python.
You kill the ball python!
The gnoll hits you from afar with a +0 spear.
The gnoll hits you from afar with a +0 halberd.
The gnoll barely misses you. The gnoll hits you with a +0 spear.
The gnoll hits you but does no damage. You block the gnoll's attack.
Things that are here:
12 gold pieces; a +0 whip of electrocution; a ball python corpse The gnoll hits you from afar with a +0 spear.
The gnoll closely misses you.
An adder comes into view.
The adder hisses angrily.
The gnoll barely misses you.
The gnoll hits you from afar with a +0 halberd!
You barely miss the gnoll. The gnoll hits you with a +0 spear.
The gnoll hits you but does no damage.
You slash the gnoll!
You kill the gnoll!
The gnoll closely misses you.
You hit the gnoll but do no damage.
A gnoll comes into view. It is wielding a +0 flail.
The gnoll hits you but does no damage. You block the gnoll's attack.
The gnoll hits you but does no damage. The gnoll barely misses you.
The gnoll moves out of view.
You barely miss the adder. Your headbutt misses the adder. You slash the gnoll!
The adder bites you.
The gnoll hits you from afar with a +0 halberd.
* * * LOW HITPOINT WARNING * * *
The gnoll misses you. You furiously retaliate!
You headbutt the gnoll!
You kill the gnoll!
The adder bites you.
* * * LOW HITPOINT WARNING * * *
You feel very mighty all of a sudden. You block the adder's attack.
The gnoll hits you from afar with a +0 halberd!
You die...

#.# #......... .. ##..#
#......... . .....
#......... # ......
#......... # ......#
#......... #
......g#####.###... ##
... #gg.g# .# ...#####.
.....####)# .. .. ...#.
....g..S@.####### #.#.
...........##...# #...
.........#.##'#'######..#
.........#...............
.........#.............#.
.........#........[).###.
.........##..........'...
.........##......†...####
....... #..............


You could see 2 gnolls and an adder.

Vanquished Creatures
  7 gnolls (D:2)
  An adder (D:2)
  4 dart slugs
  9 ball pythons
  5 bats
  2 endoplasms (D:1)
  2 giant cockroaches (D:1)
  3 goblins
  5 hobgoblins
  4 jackals (D:1)
  A quokka (D:1)
  5 frilled lizards (D:1)
  3 kobolds (D:1)
  4 rats (D:1)
55 creatures vanquished.

Notes
Turn   | Place    | Note
-------+----------+-------------------------------------------
     0 | D:1      | SilverX5502 the Minotaur Fighter began the quest for the
                  | Orb.
     0 | D:1      | Reached XP level 1. HP: 19/19 MP: 0/0
   105 | D:1      | Reached XP level 2. HP: 27/27 MP: 1/1
   359 | D:1      | Reached XP level 3. HP: 33/33 MP: 2/2
   901 | D:2      | Reached XP level 4. HP: 18/40 MP: 3/3
  1286 | D:2      | Slain by a gnoll

Illustrated notes

Levels and vault maps discovered:
D:1:      dpeg_arrival_castle, layout_loops_cross, serial_forest,
          infiniplex_forest_clump_tiny, infiniplex_forest_clump_small,
          infiniplex_forest_side_room, infiniplex_forest_end_1,
          infiniplex_forest_lined_4_way, infiniplex_forest_diagonal,
          infiniplex_forest_clump_C
D:2:      layout_basic, serial_shops, nicolae_shop_pleasant_corner_grove,
          glass_columns_a

Skill      XL: |  1  2  3  4 |
---------------+-------------+-----
Axes           | 3 4 |  4.3
Armour         | 4 |  4.4
Fighting       | 4 |  4.5
Shields        | 4 |  4.4

Action                     |  1- 3 |  4- 6 || total
---------------------------+-------+-------++-------
  Melee: War axe           |   114 |    26 ||   140
         Headbutt          |    30 |     4 ||    34
    Use: Potion            |       |     1 ||     1
 Armour: Scale mail        |    45 |    26 ||    71
  Dodge: Dodged            |    33 |    20 ||    53
  Block: Buckler           |    17 |     6 ||    23
